 Dungeon Crawl Stone Soup version 0.24-a0-163-g64c5a76fe2 (webtiles) character file.

Game seed: 7534722293554298263

44 MirrMurr the Cudgeler (level 3, -1/30 HPs)
             Began as a Vine Stalker Berserker on Mar 6, 2019.
             Was a Follower of Trog.
             Slain by a gnoll
             ... wielding a +0 halberd
              (3 damage)
             ... on level 2 of the Dungeon.
             The game lasted 00:02:27 (1396 turns).

MirrMurr the Cudgeler (Vine Stalker Berserker)      Turns: 1396, Time: 00:02:27

Health: -1/30      AC:  4    Str: 25    XL:     3   Next: 62%
Magic:  0/4        EV: 12    Int:  7    God:    Trog [*.....]
Gold:   68         SH:  0    Dex: 13    Spells: 2/2 levels left

rFire    . . .     SeeInvis .   a - +1 mace
rCold    . . .     Gourm    .   (no shield)
rNeg     . . .     Faith    .   b - +0 animal skin
rPois    .         Spirit   +   k - +1 helmet
rElec    .         Reflect  .   (no cloak)
rCorr    .         Harm     .   (no gloves)
MR       .....                  (no boots)
Stlth    ..........             (no amulet)
HPRegen  0.10/turn              (no ring)
MPRegen  0.09/turn              (no ring)

@: berserking, very quick
A: fangs 2, magic shield, antimagic bite, no potion heal 3, rot immunity
a: Berserk, Renounce Religion


You were on level 2 of the Dungeon.
You worshipped Trog.
Trog was aware of your devotion.
You were very hungry.

You visited 1 branch of the dungeon, and saw 2 of its levels.

You collected 68 gold pieces.

Inventory:

Hand Weapons
 a - a +1 mace (weapon)
Missiles
 h - 34 stones (quivered)
 i - 27 sling bullets
 m - 18 poisoned needles
Armour
 b - a +0 animal skin (worn)
 k - a +1 helmet (worn)
Scrolls
 d - a scroll of teleportation {unknown}
Potions
 f - a potion of might {unknown}
 g - a potion of cancellation {unknown}
 l - a potion of brilliance
 r - a potion of lignification {unknown}
 s - a potion of ambrosia {unknown}
Comestibles
 c - 4 rations


   Skills:
 + Level 3.0 Fighting
 * Level 3.3 Maces & Flails
 + Level 2.0 Armour
 + Level 2.0 Dodging


You had 2 spell levels left.
You didn't know any spells.
Your spell library was empty.

Dungeon Overview and Level Annotations

Branches:
Dungeon (2/15)

Altars:


Innate Abilities, Weirdness & Mutations

You have extremely sharp teeth.
When hurt, damage is shared between your health and your magic reserves.
Your bite disrupts and absorbs the magic of your enemies.
Potions cannot restore your health.
You are immune to rotting.


Message History

The gnoll is severely wounded.
The gnoll hits you with a +0 club.
The gnoll hits you from afar with a +0 spear!
You are too injured to fight recklessly!
You are too injured to fight recklessly!
A red film seems to cover your vision as you go berserk!
You feel yourself moving faster!
You feel mighty!
You are feeling very hungry.
The gnoll hits you with a +0 club.
* * * LOW HITPOINT WARNING * * *
The gnoll barely misses you.
You sock the gnoll!
You kill the gnoll!
Trog accepts your kill.
Your Armour skill increases to level 2!
Your Dodging skill increases to level 2!
The gnoll hits you from afar with a +0 spear!
* * * LOW HITPOINT WARNING * * *
The gnoll hits you from afar with a +0 halberd.
You die...

## ### #.# #..
#.#.# #<# #.#
##)#######
#.@.......
####.g...####
#....g.......
......##.....####
##### ##.#.##
#$#.# #.#.# #...#
#######..##


You could see 2 gnolls.

Vanquished Creatures
  2 gnolls (D:2)
  3 goblins
  4 hobgoblins (D:1)
  A ball python (D:1)
  5 bats (D:1)
  A frilled lizard (D:1)
  5 kobolds (D:1)
  7 rats (D:1)
28 creatures vanquished.

Notes
Turn   | Place    | Note
-------+----------+-------------------------------------------
     0 | D:1      | MirrMurr the Vine Stalker Berserker began the quest for the
                  | Orb.
     0 | D:1      | Reached XP level 1. HP: 11/11 MP: 2/2
   361 | D:1      | Reached XP level 2. HP: 16/16 MP: 3/3
  1122 | D:2      | Reached XP level 3. HP: 19/20 MP: 4/4
  1396 | D:2      | Slain by a gnoll

Levels and vault maps discovered:
D:1:      lemuel_arrival_room, layout_basic, minmay_pentomino_r2
D:2:      layout_loops_ring, ashenzari_altar_1, overflow_temple_1_default,
          gammafunk_temple_overflow_wave,
          chequers_ecumenical_altar_simple_redux, elyvilon_altar_5

Skill      XL: |  1  2  3 |
---------------+----------+-----
Maces & Flails | 3 |  3.3
Fighting       | 3 |  3.0
Armour         | 2 |  2.0
Dodging        | 2 |  2.0

Action                   || total
-------------------------++-------
Melee: Mace              ||    68
       Bite              ||    12
       Rapier            ||     6
Invok: Berserk           ||     1
  Use: Scroll            ||     6
  Eat: Chunk             ||     1
Armor: Animal skin       ||    23
Dodge: Dodged            ||    76

Table legend:
 A = Non-vault XP
 B = Vault XP
 C = Vault XP percentage of total XP
 D = Non-vault monster count
 E = Vault monster count
 F = Vault count percentage of total count
                 A         B        C        D         E       F
            +---------+---------+-------+---------+---------+-------
      Total |      61 |       3 |   4.7 |      26 |       2 |   7.1
            +---------+---------+-------+---------+---------+-------
        D:1 |      30 |       3 |   9.1 |      23 |       2 |   8.0
        D:2 |      31 |       0 |   0.0 |       3 |       0 |   0.0
            +---------+---------+-------+---------+---------+-------
